 Dungeon Crawl Stone Soup version 0.18-a0-1685-g4482fe3 (webtiles) character file.

39 zxpr0jk the Sneak (level 3, -1/28 HPs)
             Began as a Naga Enchanter on Apr 4, 2016.
             Slain by a goblin
             ... wielding a +0 club
             ... led by Robin
              (4 damage)
             ... on level 2 of the Dungeon.
             The game lasted 00:02:54 (1198 turns).

zxpr0jk the Sneak (Naga Enchanter)                  Turns: 1198, Time: 00:02:55

Health: -1/28      AC:  4    Str: 10    XL:     3   Next: 45%
Magic:  5/6        EV: 10    Int: 15    God:
Gold:   85         SH:  0    Dex: 12    Spells: 1 memorised, 5 levels left

rFire  . . .     SeeInvis +     f - +1 dagger (freeze)
rCold  . . .     Gourm    .     b - +1 robe
rNeg   . . .     Faith    .     (no shield)
rPois  +         Spirit   .     e - +0 helmet
rElec  .         Dismiss  .     (no cloak)
rCorr  .         Reflect  .     (no gloves)
SustAt .         Harm     .     (no barding)
MR     .....                    (no amulet)
Stlth  +++.......               (no ring)
                                (no ring)

@: very slightly contaminated, invisible, very slow, not resistant to hostile
enchantments, fairly stealthy
A: see invisible, deformed body, poison resistance, slowness 2, slow metabolism
1, spit poison 2, AC +1
a: Spit Poison


You were on level 2 of the Dungeon.
You were hungry.

You visited 1 branch of the dungeon, and saw 2 of its levels.

You collected 85 gold pieces.

Inventory:

Hand Weapons
 f - a +1 dagger of freezing (weapon)
 g - a +1 dagger of speed
Armour
 b - a +1 robe (worn)
 e - a +0 helmet (worn)
Scrolls
 a - a scroll of enchant weapon {unknown}
 j - a scroll of immolation {unknown}
 p - a scroll of recharging {unknown}
Potions
 m - a potion of curing
Books
 c - a book of Maledictions

   Spells                             Type                      Level
   a - Corona                         Hexes                        1
   b - Ensorcelled Hibernation        Hexes/Ice                    2
   c - Confuse                        Hexes                        3
   d - Tukima's Dance                 Hexes                        3
   e - Dazzling Spray                 Conjuration/Hexes            3
Comestibles
 d - a bread ration
 i - 2 chunks of flesh
 l - a slice of pizza
 n - a meat ration


   Skills:
 + Level 1.8 Short Blades
 - Level 1.5 Dodging
 * Level 6.2 Stealth
 - Level 2.0 Spellcasting
 - Level 3.0 Hexes


You had 5 spell levels left.
You knew the following spells:

 Your Spells              Type           Power        Failure   Level  Hunger
a - Corona                Hex            ##.....      8%          1    #......


Dungeon Overview and Level Annotations

Branches:
Dungeon (2/15)

Altars:

Annotations:
D:2 Robin


Innate Abilities, Weirdness & Mutations

You cannot wear boots.
Your serpentine skin is tough (AC +1).
You have supernaturally acute eyesight.
Armour fits poorly on your strangely shaped body.
Your system is resistant to poisons.
You cover ground very slowly.
You have a slow metabolism.
You can spit poison.


Message History

Drink which item? (? for menu, Esc to quit)
You fade into invisibility!
The hobgoblin misses you.
You are very lightly contaminated with residual magic.
You strike the helpless hobgoblin from behind!
You puncture the hobgoblin! You freeze the hobgoblin.
You kill the hobgoblin!
You are feeling hungry.
The goblin no longer looks unusually strong.
You hit the goblin. You freeze the goblin.
You kill the goblin!
You hit the goblin. You freeze the goblin.
The goblin is heavily wounded.
Robin hits you from afar with a spear!
* * * LOW HITPOINT WARNING * * *
The goblin barely misses you.
You barely miss the goblin.
The goblin is heavily wounded.
The goblin hits you with a club.
You die...

### .g ..# g# ... g#
#.##.######g#
#.##........###..#
#.# ######gg...># #.#
#.g.))gg..###
####.###.#####.......
#...<.@gg# .######
#....##### .# #...##
## #...# #...# #...#
#####


You could see Robin and 2 goblins.

Vanquished Creatures
  An ooze (D:1)
  2 bats (D:1)
  8 goblins
  5 hobgoblins
  4 jackals (D:1)
  4 giant newts (D:1)
  4 kobolds (D:1)
  6 rats (D:1)
34 creatures vanquished.

Notes
Turn   | Place    | Note
--------------------------------------------------------------
     0 | D:1      | zxpr0jk the Naga Enchanter began the quest for the Orb.
     0 | D:1      | Reached XP level 1. HP: 15/15 MP: 3/3
   450 | D:1      | Reached skill level 5 in Stealth
   450 | D:1      | Reached XP level 2. HP: 22/22 MP: 5/5
   855 | D:1      | Reached XP level 3. HP: 21/28 MP: 6/6
  1129 | D:2      | Noticed Robin
  1140 | D:2      | Reached skill level 6 in Stealth
  1198 | D:2      | Slain by a goblin

Vault maps used:
D:1:      nagdon_arrival_double_spiral
D:2:      grunt_ministairs_11, xom_teletrap_fun, uniq_robin,
          uniq_crazy_yiuf_cottage

Skill      XL: |  1  2  3 |
---------------+----------+-----
Stealth        | 5 6 |  6.2
Short Blades   | |  1.8
Dodging        | |  1.5
Spellcasting   | |  2.0
Hexes          | |  3.0

Action                   || total
-------------------------++-------
Melee: Dagger            ||   131
 Cast: Corona            ||     2
  Use: Scroll            ||     3
       Potion            ||     1
 Stab: Sleeping          ||     5
       Invisible         ||     1
